 Dungeon Crawl Stone Soup version 0.28-a0-1524-ge72afd5fc6 (webtiles) character file.

Game seed: 1824011303702374431

68 knot the Chopper (level 4, 41/52 HPs)
             Began as a Demonspawn Berserker on Jan 18, 2022.
             Was a Believer of Trog.
             Quit the game on level 3 of the Dungeon.
             The game lasted 00:01:10 (1624 turns).

knot the Chopper (Demonspawn Berserker)             Turns: 1624, Time: 00:01:10

Health: 41/52      AC:  5    Str: 17    XL:     4   Next: 1%
Magic:  4/4        EV: 11    Int: 11    God:    Trog [**....]
Gold:   72         SH:  4    Dex: 12    Spells: 3/3 levels left

rFire   . . .      SeeInvis .   a - +0 hand axe
rCold   . . .      Faith    .   (no shield)
rNeg    . . .      Spirit   .   f - +0 ring mail
rPois   .          Reflect  .   (no helmet)
rElec   .          Harm     .   (no cloak)
rCorr   .          Rampage  .   (no gloves)
Will    +....                   (no boots)
Stlth   ..........              (no amulet)
HPRegen 0.17/turn               k - ring of willpower
MPRegen 0.09/turn               (no ring)

@: berserking, very quick
A: large bone plates 1, weakness stinger 1
a: Renounce Religion, Berserk, Trog's Hand


You were on level 3 of the Dungeon.
You worshipped Trog.
Trog was pleased with you.
You visited 1 branch of the dungeon, and saw 3 of its levels.

You collected 72 gold pieces.

Inventory:

Hand Weapons
 a - a +0 hand axe (weapon)
Missiles
 h - 16 stones (quivered)
 n - 23 sling bullets
Armour
 f - a +0 ring mail (worn)
Jewellery
 k - a ring of willpower (left hand)
Scrolls
 c - 2 scrolls of enchant armour {unknown}
 d - a scroll of identify {unknown}
 e - a scroll of noise {unknown}
 i - a scroll of fog {unknown}
 l - a scroll of summoning {unknown}
Potions
 b - 2 potions of heal wounds {unknown}
 g - a potion of mutation {unknown}
 j - a potion of curing {unknown}
 m - 2 potions of magic {unknown}
 o - a potion of might {unknown}


   Skills:
 - Level 3.0 Fighting
 + Level 4.4 Axes
 - Level 1.7 Armour
 - Level 1.7 Dodging


You had 3 spell levels left.
You didn't know any spells.
Your spell library contained the following spells:

 Spells                   Type           Power      Damage    Failure   Level
 Animate Skeleton         Necr           0%         N/A       54%         1
 Pain                     Necr           0%         1d4       54%         1
 Vampiric Draining        Necr           0%         2d6       88%         3


Dungeon Overview and Level Annotations

Branches:
Dungeon (3/15)

Altars:


Innate Abilities, Weirdness & Mutations

You are partially covered in large bone plates. (SH +4)
You have a small tail.


Message History

A giant cockroach is nearby!
You barely miss the giant cockroach. The giant cockroach misses you.
A giant cockroach is nearby!
You barely miss the giant cockroach. The giant cockroach closely misses you.
You slash the giant cockroach!
You kill the giant cockroach!
Trog accepts your kill.
No target in view!
No target in view!
You now have 72 gold pieces (gained 13).
Found a plate armour.
No target in view!
Found an escape hatch in the ceiling.
No target in view!
An adder comes into view.
Found 12 gold pieces.
The adder hisses angrily.
The adder bites you. The adder barely misses you.
You barely miss the adder.
Your tail-slap misses the adder.
The adder bites you.
You miss the adder. The adder bites you.
You closely miss the adder. The adder barely misses you.
The adder bites you but does no damage.
You miss the adder. The adder bites you but does no damage.
You barely miss the adder. The adder closely misses you. x2
You closely miss the adder. The adder barely misses you.
You miss the adder. The adder misses you. x2
A red film seems to cover your vision as you go berserk!
You feel yourself moving faster!
You feel mighty! The adder bites you but does no damage.
You closely miss the adder. You tail-slap the adder!
The adder is severely wounded.
The adder bites you.
You slash the adder!
You kill the adder!
Trog accepts your kill.
You have reached level 4!
You feel clever.
Your demonic ancestry asserts itself...
Large bone plates grow over parts of your arms.
Are you sure you want to abandon this character and quit the game? (Confirm with "yes".)

#.......##........
#.................
#.......##........
####.#.##.<.[.....
.
#.#.#..########..
#.....#######...#
###.#.....#...#
#.#.###...#####
#.#.##.@.......
#...$######..
#.#.. ......
#.#.#.. # #.#.. #
#.. #..


There were no monsters in sight!

Vanquished Creatures
  2 adders
  3 dart slugs
  5 ball pythons
  5 bats (D:1)
  An endoplasm (D:1)
  4 giant cockroaches
  7 goblins
  2 hobgoblins
  2 jackals (D:2)
  3 kobolds
  A quokka (D:1)
  4 rats
39 creatures vanquished.

Notes
Turn   | Place    | Note
-------+----------+-------------------------------------------
     0 | D:1      | knot the Demonspawn Berserker began the quest for the Orb.
     0 | D:1      | Reached XP level 1. HP: 18/18 MP: 1/1
    53 | D:1      | Reached skill level 3 in Axes
   129 | D:1      | Gained mutation: You have a small tail. [demonic ancestry]
   129 | D:1      | Reached XP level 2. HP: 24/24 MP: 2/2
   977 | D:2      | Reached XP level 3. HP: 29/29 MP: 3/3
  1024 | D:2      | Reached ** piety under Trog
  1025 | D:2      | Reached skill level 4 in Axes
  1624 | D:3      | Gained mutation: You are partially covered in large bone
                  | plates. (SH +4) [demonic ancestry]
  1624 | D:3      | Reached XP level 4. HP: 35/35 MP: 4/4
  1624 | D:3      | Quit the game

Illustrated notes

Levels and vault maps discovered:
D:1:      minmay_arrival_solitary_statue, layout_loops_ring,
          minmay_misc_feat_five
D:2:      layout_rooms
D:3:      layout_rooms, mainiacjoe_overflow_two_lobes,
          hangedman_decor_peaks_small

Skill      XL: |  1  2  3 |
---------------+----------+-----
Axes           | 3 4 |  4.4
Fighting       | |  3.0
Armour         | |  1.7
Dodging        | |  1.7

Action                   |  1- 3 |  4- 6 || total
-------------------------+-------+-------++-------
Melee: Hand axe          |   112 |       ||   112
       Tailslap          |    11 |       ||    11
Invok: Berserk           |     2 |       ||     2
Armor: Animal skin       |    10 |       ||    10
       Ring mail         |    24 |       ||    24
Dodge: Dodged            |    92 |       ||    92

Table legend: (Time is in decaauts)
 A = Elapsed time spent in this place.
 B = Non-inter-level travel time spent in this place.
 C = Inter-level travel time spent in this place.
 D = Time resting spent in this place.
 E = Time spent auto-exploring this place.
 F = Levels seen in this place.
 G = Mean time per level.
                   A        B        C        D        E       F      G
               +--------+--------+--------+--------+--------+-----+--------+
         Total |   1641 |   1592 |     49 |    188 |   1139 |   3 |  547.0 |
       Dungeon |   1641 |   1592 |     49 |    188 |   1139 |   3 |  547.0 |
               +--------+--------+--------+--------+--------+-----+--------+

Top non-repeatable levels by time:
     D:1: 970 daAuts
     D:2: 631 daAuts
     D:3: 38 daAuts
